cohdb
Replays
Latest Replays
All Replays
Popular Replays
Top Player Replays
Match Explorer
How It Works
Community
CoH3 Stats
Reddit
Sign in to upload your games and track your stats! →
Sign in with Steam
Match 44084478
Unlisted
Match 44084478
Overview
Messages
Build Orders
End
Selects Italian Combined Arms Battlegroup
Selects Bersaglieri Squad
Bersaglieri Squad
Kradschützen Motorcycle Team
Bersaglieri Squad
Construct Light Support Kompanie
Panzerjäger Squad
Selects Bersaglieri Bolster
Selects Bersaglieri Bolster
Fire Support Elements
MG34 Team
Panzerjäger Mechanized Group
Construct Panzerarmee Kommand
Selects Semovente da 75/18 Assault Gun
Assault Grenadier Squad
Selects Strafing Run
Strafing Run
Walking Stuka Rocket Launcher
Pak 38 Mechanized Group
Selects Artillery Cover
Panzer III L Medium Tank
Artillery Cover
Task Force X
Mr Newton
DrewP
Dillbro
0
0
Comments
sign in to comment!
No comments posted yet!